 Dungeon Crawl Stone Soup version 0.31.0-12-g77e489cdc1 (webtiles) character file.

Game seed: 14015212994790711087

3007 Killerpretzel the Mimic (level 9, -4/62 HPs)
             Began as an Octopode Shapeshifter on Mar 6, 2024.
             Was an Initiate of Vehumet.
             Slain by an unseen horror (7 damage)
             ... on level 7 of the Dungeon.
             The game lasted 00:11:53 (6990 turns).

Killerpretzel the Mimic (Octopode Shapeshifter)     Turns: 6990, Time: 00:11:54

Health: -4/62      AC:  1    Str: 13    XL:     9   Next: 84%
Magic:  9/9        EV: 21    Int: 18    God:    Vehumet [......]
Gold:   210        SH:  0    Dex: 16    Spells: 7/8 levels left

rFire   + .          .
                       - Unarmed
rCold   + . .        (no shield)
rNeg    . . .        (helmet currently unavailable)
rPois   +            (no amulet)
rElec   +            a - +5 ring of evasion
rCorr   +            s - +6 ring of intelligence
SInv    .            (no ring)
Will    .....        (no ring)
Stlth   ++           (no ring)
HPRegen 0.30/turn    (no ring)
MPRegen 0.11/turn    (no ring)
                     (no ring)

%: no passive effects
@: beast-form, resistant
A: beast (slay +4), almost no armour, amphibious, 8 rings, camouflage 1,
gelatinous body 1, (nimble swimmer 1), tentacles
a: Begin Untransformation, Renounce Religion


You were on level 7 of the Dungeon.
You worshipped Vehumet.
Vehumet was noncommittal.
You were a hulking beast.
You visited 2 branches of the dungeon, and saw 8 of its levels.

You collected 210 gold pieces.

Inventory:

Missiles
 d - 4 boomerangs (quivered)
Jewellery
 a - a +5 ring of evasion (left tentacle)
 s - a +6 ring of intelligence (right tentacle)
Talismans
 b - a beast talisman
 c - a flux talisman
Wands
 g - a wand of flame (28)
 l - a wand of iceblast (15)
 m - a wand of mindburst (10)
Scrolls
 h - 2 scrolls of identify
 k - 6 scrolls of teleportation
 n - 3 scrolls of blinking
Potions
 e - a potion of curing
 f - a potion of resistance
 i - 2 potions of cancellation
 j - 3 potions of attraction
 o - a potion of degeneration
 p - 2 potions of haste
 r - a potion of brilliance


   Skills:
 + Level 5.7 Fighting
 + Level 6.1 Dodging
 + Level 6.3 Unarmed Combat
 + Level 3.4 Translocations
 * Level 8.1 Shapeshifting


You had 7 spell levels left.
You knew the following spells:

 Your Spells              Type           Power      Damage    Failure   Level
a - Apportation           Tloc           24%        N/A       5%          1

Your spell library contained the following spells:

 Spells                   Type           Power      Damage    Failure   Level
 Jinxbite                 Hex            0%         N/A       32%         2
 Frozen Ramparts          Ice            0%         1d1       54%         3
 Leda's Liquefaction      Alch/Erth      0%         N/A       91%         4
 Petrify                  Alch/Erth      0%         N/A       91%         4
 Alistair's Intoxication  Alch           0%         N/A       99%         5
 Metabolic Englaciation   Hex/Ice        0%         N/A       99%         5


Dungeon Overview and Level Annotations

Branches:
Dungeon (7/15)             Temple (1/1) D:6

Altars:
Ashenzari
Dithmenos
Elyvilon
Fedhas
Hepliaklqana
Makhleb
Nemelex Xobeh
Okawaru
Qazlal
Sif Muna
Vehumet
Wu Jian
Xom
Zin
The Shining One

Shops:
D:3 **   D:6 !

Annotations:
D:4 exclusion: phantom
D:6 3 runed translucent doors, mihai's ghost, novice MiFi; nitefall's ghost, novice MiFi; vvlvvlvvl's ghost, novice GrFi


Innate Abilities, Weirdness & Mutations

You are a hulking beast.
Your limbs bulge with bestial killing power. (Slay +4)
You cannot wear most types of armour.
You are amphibious.
You can wear up to eight rings at the same time.
Your skin changes colour to match your surroundings (Stealth+).
Your rubbery body absorbs attacks. (AC +1, EV +1)
((You are camouflaged when in or above water. (Stealth+)))
You have tentacles for arms and can constrict up to eight enemies at once.


Message History

The orc warrior is severely wounded.
You smack the orc warrior!
Your punch misses the orc warrior.
The orc warrior is almost dead.
The orc warrior barely misses you.
You smack the orc warrior!
You kill the orc warrior!
Vehumet accepts your kill.
You hit the killer bee.
The killer bee is moderately wounded.
You feel less wooden.
You turn into a hulking beast.
The killer bee misses you.
Okay, then.
The killer bee stings you.
* * * LOW HITPOINT WARNING * * *
Things that are here:
+0 acid dragon scales; an acid dragon corpse; a bullfrog corpse The killer bee closely misses you.
An iguana comes into view.
Your extra speed is starting to run out.
You feel better. The killer bee misses you.
A sky beast comes into view.
Something hits you.
* * * LOW HITPOINT WARNING * * *
Deactivating autopickup; reactivate with Ctrl-A.
The howler monkey hoots and howls with incredible vigour!
You hear a loud, deep croak!
You hear a shout!
You hear a loud, deep croak!
You hear a shout! x4; You hear an angry hiss.
You hear a croak.
Okay, then.
Blink to where?
Press: ? - help, Dir - move target
As you read the scroll of blinking, it crumbles to dust.
An orc comes into view. It is wielding a +0 flail.
The iguana hisses angrily.
A sky beast comes into view.
You feel yourself slow down.
You barely miss the orc. You grab the orc. You tentacle-slap the orc!
You kill the orc!
Vehumet accepts your kill. Something hits you!
You die...

#....#)...)..≈≈≈..
#...
#)...)##≈.≈######
+..
#...<.##≈.≈...... .
#...)...≈.≈......
#.........+......
#######.#+#......
#.......Y.....# .
#.....###.###.... ..
#....##...)h## . ##.
#...##.#####.## ...
##.##.#.....#.####.#
...#.#..###..#.#.!#
.. # #..)#.#.#[)#
#.#.#.#..##.# #
..#.#.#y# ..
###..#.#... .#
.#.####.###


You could see a sky beast and a killer bee.

Vanquished Creatures
  A two-headed ogre (D:5)
  A wraith (D:7)
  Edmund (D:6)
  An acid dragon (D:7)
  2 orc warriors (D:7)
  3 ogres
  A centaur (D:6)
  2 phantoms
  2 kobold brigands
  Blork the orc (D:6)
  A bullfrog (D:7)
  3 scorpions
  4 wights
  2 bombardier beetles
  2 hounds
  3 orc priests
  4 iguanas
  5 orc wizards
  A sleepcap (D:6)
  Ijyb (D:3)
  4 gnolls (D:4)
  9 adders
  4 dart slugs
  6 ribbon worms
  20 orcs
  4 ball pythons
  6 endoplasms
  3 giant cockroaches
  8 goblins
  9 hobgoblins
  4 jackals (D:4)
  3 quokkas
  7 bats
  3 frilled lizards
  25 kobolds
  5 rats
161 creatures vanquished.

Notes
Turn   | Place    | Note
-------+----------+-------------------------------------------
     0 | D:1      | Killerpretzel the Octopode Shapeshifter began the quest for
                  | the Orb.
     0 | D:1      | Reached XP level 1. HP: 13/13 MP: 1/1
   207 | D:1      | Reached XP level 2. HP: 17/18 MP: 2/2
   900 | D:2      | Reached XP level 3. HP: 23/23 MP: 3/3
  1438 | D:2      | Reached XP level 4. HP: 29/29 MP: 4/4
  1643 | D:2      | Found a faded altar of an unknown god.
  1731 | D:3      | Found a shadowy altar of Dithmenos.
  1731 | D:3      | Found a broken altar of Ashenzari.
  2004 | D:3      | Reached skill level 4 in Shapeshifting
  2004 | D:3      | Reached XP level 5. HP: 23/34 MP: 5/5
  2166 | D:3      | Noticed Ijyb
  2177 | D:3      | Killed Ijyb
  2280 | D:3      | Found Qapa's General Store.
  2365 | D:3      | Found Pecef's Assorted Antiques.
  2840 | D:4      | Noticed a phantom
  2855 | D:4      | Found an ornate altar of the Wu Jian Council.
  2857 | D:4      | Found a hazy altar of Hepliaklqana.
  2877 | D:4      | Killed a phantom
  2878 | D:4      | Reached XP level 6. HP: 41/41 MP: 6/6
  2953 | D:4      | Identified the +0 ring mail of the World {+Inv Str-5 Dex+3}
  3023 | D:4      | Found a shimmering altar of Xom.
  3556 | D:4      | Reached skill level 5 in Shapeshifting
  3556 | D:4      | Reached XP level 7. HP: 46/46 MP: 7/7
  4134 | D:5      | Entered Level 5 of the Dungeon
  4216 | D:5      | Noticed a two-headed ogre
  4220 | D:5      | Killed a two-headed ogre
  4221 | D:5      | Reached skill level 5 in Unarmed Combat
  4221 | D:5      | Reached skill level 6 in Shapeshifting
  4221 | D:5      | Reached XP level 8. HP: 54/54 MP: 8/8
  4260 | D:5      | Learned a level 1 spell: Apportation
  4747 | D:5      | Reached skill level 5 in Dodging
  4747 | D:5      | Reached skill level 1 in Translocations
  5125 | D:6      | Reached skill level 7 in Shapeshifting
  5125 | D:6      | Reached XP level 9. HP: 33/59 MP: 9/9
  5227 | D:6      | Found a staircase to the Ecumenical Temple.
  5233 | Temple   | Entered the Ecumenical Temple
  5422 | D:6      | Found a radiant altar of Vehumet.
  5428 | D:6      | Became a worshipper of Vehumet
  5464 | D:6      | Found a runed translucent gate.
  5465 | D:6      | Found a runed translucent gate.
  5469 | D:6      | Found a runed translucent gate.
  5470 | D:6      | Noticed mihai's ghost (novice MiFi)
  5470 | D:6      | Noticed vvlvvlvvl's ghost (novice GrFi)
  5470 | D:6      | Noticed nitefall's ghost (novice MiFi)
  5516 | D:6      | Found a sparkling altar of Nemelex Xobeh.
  5591 | D:6      | Reached skill level 5 in Fighting
  5686 | D:6      | Noticed Edmund
  5698 | D:6      | Killed Edmund
  5795 | D:6      | Found Geocaff's Distillery.
  5926 | D:6      | Noticed Blork the orc
  5932 | D:6      | Killed Blork the orc
  6422 | D:6      | Found a shimmering blue altar of Sif Muna.
  6956 | D:7      | HP: 4/91 [wraith (3)]
  6959 | D:7      | HP: 1/91 [wraith (8)]
  6969 | D:7      | Reached skill level 8 in Shapeshifting
  6980 | D:7      | HP: 2/62 [killer bee (1)]
  6990 | D:7      | Slain by an unseen horror

Illustrated notes

Levels and vault maps discovered:
D:1:      dpeg_arrival_signposts, layout_basic, serial_forest,
          infiniplex_forest_lined_2, infiniplex_forest_zigzag_2,
          infiniplex_forest_clump_double, infiniplex_forest_straight_1,
          infiniplex_forest_corner_1
D:2:      layout_loops_ring, chequers_ecumenical_altar_twisty,
          minmay_pentomino_x4
D:3:      layout_loops_ring, grunt_temple_overflow_open, serial_shops,
          nicolae_shop_waterfront, nicolae_shop_rolling_square, uniq_ijyb
D:4:      kennysheep_kobold_camp, layout_basic, lemuel_tele_altar,
          mainiacjoe_overflow_catch_the_wave
D:5:      layout_loops_cross
D:6:      layout_layer_cave, hellmonk_sif_muna_bookshelves,
          nemelex_spade_bored_becter, vehumet_crystals,
          minmay_temple_entry_arrows, serial_shops, shop,
          gammafunk_ghost_cemetery, uniq_edmund, uniq_blork_the_orc
D:7:      minmay_the_grid_octo_tiled_octocenter [minmay_the_grid_octo_focus,
          minmay_the_grid_octo_checkered, minmay_the_grid_octo_concentric,
          minmay_the_grid_octo_horde, minmay_the_grid_octo_prize_big_c,
          minmay_the_grid_square_5x5_inset,
          minmay_the_grid_square_5x5_minivault,
          minmay_the_grid_square_5x5_dogpile,
          minmay_the_grid_square_5x5_tri_point], layout_gridville,
          serial_rivers, chequers_serial_rivers_micro_d,
          chequers_serial_rivers_micro_b, chequers_serial_rivers_micro_c,
          chequers_serial_rivers_small_b, chequers_serial_rivers_small_a,
          chequers_serial_rivers_micro_c, uniq_pikel
Temple:   hellmonk_temple_two_chambers

Skill      XL: |  1  2  3  4  5  6  7  8  9 |
---------------+----------------------------+-----
Fighting       | 2 3 4 5 |  5.7
Shapeshifting  | 4 5 6 7 8 |  8.1
Dodging        | 3 4 5 6 |  6.1
Unarmed Combat | 4 5 6 |  6.3
Translocations | 1 3 |  3.4

Action                     |  1- 3 |  4- 6 |  7- 9 || total
---------------------------+-------+-------+-------++-------
  Melee: Unarmed           |    68 |   153 |   211 ||   432
         Constrict         |    22 |    27 |    35 ||    84
         Tentacles         |    10 |    18 |    38 ||    66
         Punch             |     1 |     2 |    12 ||    15
  Throw: Boomerang         |     7 |    17 |     1 ||    25
  Evoke: Wand              |       |       |     4 ||     4
    Use: Scroll            |     2 |     5 |     5 ||    12
         Potion            |       |     4 |     7 ||    11
   Stab: Sleeping          |     4 |     6 |     7 ||    17
 Armour: Skin              |    26 |    79 |   144 ||   249
  Dodge: Dodged            |    35 |    53 |   101 ||   189
